 Dungeon Crawl Stone Soup version 0.21.1-1-g345015f (webtiles) character file.

807 poirepourri the Thaumaturge (level 7, 0/36 HPs)
             Began as a Deep Elf Conjurer on June 6, 2018.
             Slain by an ice beast (12 damage)
             ... on level 6 of the Dungeon.
             The game lasted 00:05:17 (5932 turns).

poirepourri the Thaumaturge (Deep Elf Conjurer)     Turns: 5932, Time: 00:05:18

Health: 0/36       AC:  2    Str:  5    XL:     7   Next: 60%
Magic:  23/30      EV: 13    Int: 22    God:
Gold:   181        SH:  0    Dex: 15    Spells: 6/24 levels left

rFire    . . .     SeeInvis .   h - +0 short sword
rCold    . . .     Gourm    .   (no shield)
rNeg     . . .     Faith    .   a - +0 robe
rPois    .         Spirit   .   (no helmet)
rElec    .         Reflect  .   k - scarf {repulsion}
rCorr    .         Harm     .   (no gloves)
MR       .....                  (no boots)
Stlth    ++........             (no amulet)
HPRegen  0.12/turn              d - ring of magical power
MPRegen  0.22/turn              (no ring)

@: repel missiles
A: no striking features
a: no special abilities


You were on level 6 of the Dungeon.
You were not hungry.

You visited 1 branch of the dungeon, and saw 6 of its levels.

You collected 181 gold pieces.

Inventory:

Hand Weapons
 h - a +0 short sword (weapon)
Armour
 a - a +0 robe (worn)
 k - a scarf of repulsion (worn)
 s - a +1 leather armour of poison resistance
Jewellery
 d - a ring of magical power (left hand)
 q - a cursed -2 ring of dexterity {unknown}
Wands
 p - a wand of paralysis (15)
Scrolls
 f - 5 scrolls of remove curse
 l - a scroll of magic mapping
 m - a scroll of teleportation
Potions
 e - a potion of lignification
 g - a potion of brilliance
 i - 4 potions of curing
 j - a potion of heal wounds
 n - a potion of mutation {unknown}
 o - a potion of haste {unknown}
 t - a potion of cancellation {unknown}
Books
 b - a book of Conjurations

   Spells                             Type                      Level
   a - Magic Dart                     Conjuration                  1
   b - Searing Ray                    Conjuration                  2
   c - Dazzling Spray                 Conjuration/Hexes            3
   d - Fulminant Prism                Conjuration/Hexes            4
   e - Force Lance                    Conjuration/Translocation    4
   f - Iskenderun's Mystic Blast      Conjuration                  4
 r - a book of Cantrips

   Spells                             Type                      Level
   a - Confusing Touch                Hexes                        1
   b - Animate Skeleton               Necromancy                   1
   c - Summon Small Mammal            Summoning                    1
   d - Apportation                    Translocation                1
Comestibles
 c - 5 rations


   Skills:
 - Level 2.4 Dodging
 - Level 2.4 Stealth
 - Level 9.4 Spellcasting
 + Level 7.1 Conjurations


You had 6 spell levels left.
You knew the following spells:

 Your Spells              Type           Power        Failure   Level  Hunger
a - Magic Dart            Conj           ####         1%          1    None
b - Searing Ray           Conj           #####.       1%          2    None
c - Dazzling Spray        Conj/Hex       ####..       4%          3    None
d - Fulminant Prism       Conj/Hex       ####......   14%         4    ##.....
e - Force Lance           Conj/Tloc      ####....     14%         4    ##.....
f - Iskenderun's Mystic   Conj           #####...     3%          4    ##.....


Dungeon Overview and Level Annotations

Branches:
Dungeon (6/15)
 Temple: D:4-7

Altars:
Makhleb
Okawaru

Shops:
D:5 (


Message History

The shadow imp hits you but does no damage.
The searing ray hits the shadow imp.
You kill the shadow imp!
The searing ray hits the ice beast.
The ice beast is heavily wounded.
You finish channeling your searing ray.
The ice beast barely misses you.
Casting: Searing Ray
Confirm with . or Enter, or press ? or * to list all spells.
Aiming: Searing Ray
Press: ? - help, Shift-Dir - straight line, f - ice beast
Aim: an ice beast (heavily wounded)
The searing ray hits the ice beast.
The ice beast is severely wounded. (Press . to maintain the ray.)
The ice beast hits you. The ice beast freezes you!
The searing ray hits the ice beast.
The ice beast is severely wounded.
The ice beast hits you. The ice beast freezes you!
You die...

#####.######. #. .# #.#
#...#.#.# #.# #...#.#.#
#.# #...#.#.#
#####.######...#.#.###
.....................
#####.######.....#.####.#
#.# #.....Y....>.#
#.######..##@#.####.#
#............#...
#.#######.####.### #.#
#.# .# ### ### ##


You could see an ice beast.

Vanquished Creatures
  A water moccasin (D:6)
  A phantom (D:5)
  A black bear (D:6)
  An ogre (D:6)
  A scorpion (D:4)
  2 crimson imps (D:6)
  A bullfrog zombie (D:5)
  A hound (D:6)
  Natasha (D:2)
  3 orc wizards (D:3)
  A worker ant (D:4)
  3 adders
  2 shadow imps (D:6)
  An adder skeleton (D:6)
  A worm (D:2)
  2 dart slugs
  5 leopard geckos
  7 orcs
  5 giant cockroaches
  12 goblins
  A hobgoblin (D:1)
  4 jackals
  7 kobolds
  2 quokkas
  7 bats
  2 frilled lizards
  A leopard gecko skeleton (D:6)
  A quokka skeleton (D:6)
  7 rats
84 creatures vanquished.

Notes
Turn   | Place    | Note
-------+----------+-------------------------------------------
     0 | D:1      | poirepourri the Deep Elf Conjurer began the quest for the Orb.
     0 | D:1      | Reached XP level 1. HP: 10/10 MP: 6/6
   135 | D:1      | Reached skill level 4 in Spellcasting
   135 | D:1      | Reached XP level 2. HP: 15/15 MP: 5/9
   303 | D:1      | Learned a level 2 spell: Searing Ray
   826 | D:2      | Reached XP level 3. HP: 19/19 MP: 9/11
   836 | D:2      | Learned a level 3 spell: Dazzling Spray
   848 | D:2      | Reached skill level 5 in Spellcasting
  1569 | D:2      | Reached XP level 4. HP: 24/24 MP: 13/13
  1775 | D:2      | Noticed Natasha
  1778 | D:2      | Killed Natasha
  1778 | D:2      | Reached skill level 6 in Spellcasting
  2170 | D:3      | Reached skill level 7 in Spellcasting
  2170 | D:3      | Reached XP level 5. HP: 25/28 MP: 14/16
  3238 | D:4      | Found an iron altar of Okawaru.
  3272 | D:4      | Reached skill level 8 in Spellcasting
  3549 | D:4      | Reached XP level 6. HP: 32/32 MP: 19/19
  4028 | D:5      | Entered Level 5 of the Dungeon
  4507 | D:5      | Reached skill level 9 in Spellcasting
  4820 | D:5      | Learned a level 4 spell: Fulminant Prism
  4825 | D:5      | Learned a level 4 spell: Force Lance
  4830 | D:5      | Learned a level 4 spell: Iskenderun's Mystic Blast
  4912 | D:5      | Found Maytha Erro's Antique Weapon Shop.
  5119 | D:6      | Reached skill level 5 in Conjurations
  5119 | D:6      | Reached XP level 7. HP: 36/36 MP: 21/21
  5636 | D:6      | Found a burning altar of Makhleb.
  5932 | D:6      | Slain by an ice beast

Skill      XL: |  1  2  3  4  5  6  7 |
---------------+----------------------+-----
Spellcasting   | 4 5 7 8 9 |  9.4
Conjurations   | 5 7 |  7.1
Dodging        | |  2.4
Stealth        | |  2.4

Action                   |  1- 3 |  4- 6 |  7- 9 || total
-------------------------+-------+-------+-------++-------
Melee: Short sword       |       |     9 |       ||     9
 Cast: Magic Dart        |    43 |    35 |     9 ||    87
       Searing Ray       |     9 |    21 |     8 ||    38
  Use: Scroll            |     4 |     8 |       ||    12
       Potion            |       |     1 |       ||     1
  Eat: Ration            |     1 |     4 |       ||     5
Armor: Robe              |       |     4 |     2 ||     6
       Skin              |       |    13 |       ||    13
Dodge: Dodged            |     8 |    23 |    11 ||    42
